 Dungeon Crawl Stone Soup version 0.17.1-1-g73c8601 (webtiles) character file.

25 JustSomeDude the Conjurer (level 2, -4/20 HPs)
             Began as a Draconian Conjurer on Dec 17, 2015.
             Slain by Robin
             ... wielding a +0 club
              (5 damage)
             ... on level 2 of the Dungeon.
             The game lasted 00:05:23 (780 turns).

JustSomeDude the Conjurer (Draconian Conjurer)       Turns: 780, Time: 00:05:23

Health: -4/20      AC:  4    Str: 10    XL:     2   Next: 82%
Magic:  2/5        EV: 12    Int: 15    God:
Gold:   44         SH:  0    Dex: 11    Spells: 2 memorised, 2 levels left

rFire  . . .     SeeInvis .     (no weapon)
rCold  . . .     Clarity  .     (armour unavailable)
rNeg   . . .     SustAt   .     (no shield)
rPois  .         Gourm    .     (helmet restricted)
rElec  .         Spirit   .     (no cloak)
rCorr  .         Warding  .     (no gloves)
rMut   .         Stasis   .     (no boots)
MR     .....                    d - amulet of rage (curse)
Stlth  ++........               (no ring)
                                (no ring)

@: not resistant to hostile enchantments, unstealthy
A: unfitting armour, cold-blooded, AC +4
a: Evoke Berserk Rage


You were on level 2 of the Dungeon.
You were not hungry.

You visited 1 branch of the dungeon, and saw 2 of its levels.

You collected 44 gold pieces.

Inventory:

Jewellery
 d - a cursed amulet of rage (around neck)
Scrolls
 c - a scroll of magic mapping {unknown}
 f - a scroll of identify {unknown}
 h - a scroll of recharging {unknown}
 i - a scroll of teleportation {unknown}
 j - a scroll of remove curse {unknown}
Potions
 e - a potion of might {unknown}
 g - a potion of lignification {unknown}
 l - a potion of mutation {unknown}
Books
 a - a book of Conjurations

   Spells                             Type                      Level
   a - Magic Dart                     Conjuration                  1
   b - Searing Ray                    Conjuration                  2
   c - Dazzling Spray                 Conjuration/Hexes            3
   d - Fulminant Prism                Conjuration/Hexes            4
   e - Iskenderun's Mystic Blast      Conjuration                  4
   f - Iskenderun's Battlesphere      Conjuration/Charms           5
Comestibles
 b - 2 bread rations
 k - a beef jerky


   Skills:
 + Level 2.0 Dodging
 + Level 2.1 Stealth
 + Level 2.0 Spellcasting
 + Level 4.5 Conjurations


You had 2 spell levels left.
You knew the following spells:

 Your Spells              Type           Power        Failure   Level  Hunger
a - Magic Dart            Conj           ###.         3%          1    #......
b - Searing Ray           Conj           ###...       6%          2    ###....


Dungeon Overview and Level Annotations

Branches:
Dungeon (2/15)

Altars:

Annotations:
D:2 Robin


Innate Abilities, Weirdness & Mutations

Your plain brown scales are hard (AC +4).
Your body does not fit into most forms of armour.
You are cold-blooded and may be slowed by cold attacks.


Message History

You hit the hobgoblin. You tail-slap the hobgoblin.
You kill the hobgoblin!
Robin hits you but does no damage. The goblin closely misses you.
Robin hits you with a club.
* * * LOW HITPOINT WARNING * * *
Things that are here:
a club; a goblin corpse Robin throws the goblin at you!
The goblin closely misses you.
You miss the goblin. The goblin hits you but does no damage.
You closely miss the goblin.
Robin roars a battlecry!
The goblin goes into a battle-frenzy!
Robin barely misses you.
You hit the goblin.
The goblin is moderately wounded.
The goblin closely misses you. Robin misses you.
You hit the goblin but do no damage.
The goblin is moderately wounded.
The goblin hits you but does no damage. Robin hits you with a club.
You die...

#.# #.# ###.####g#
#..#)..gg# #.#g######
### #.#g# #..
#####.#.## #.#
.........# #.#
####.##..#########.###
.. #.....g@g)...<.# ##
#(########.###.###.#
#.# #.# #.....#
#.########.###.#####
#..†......†....#
################


You could see Robin and a goblin (frenzied).

Vanquished Creatures
  4 hobgoblins
  4 kobolds
  A giant newt (D:1)
  11 goblins
  2 rats (D:1)
22 creatures vanquished.

Notes
Turn   | Place    | Note
--------------------------------------------------------------
     0 | D:1      | JustSomeDude the Draconian Conjurer began the quest for the Orb.
     0 | D:1      | Reached XP level 1. HP: 14/14 MP: 3/3
   555 | D:1      | Reached XP level 2. HP: 20/20 MP: 3/5
   698 | D:2      | Noticed Robin
   709 | D:2      | Learned a level 2 spell: Searing Ray
   768 | D:2      | HP: 1/20 [goblin/club[Robin] (2)]
   774 | D:2      | HP: 1/20 [Robin/club (1)]
   780 | D:2      | Slain by Robin

Action                   || total
-------------------------++-------
Melee: Unarmed           ||    35
 Cast: Magic Dart        ||    23
       Searing Ray       ||     2
